 Dungeon Crawl Stone Soup version 0.31-a0-167-g1c394c0614 (webtiles) character file.

Game seed: 5628137497476231048

312 Dittersdorf the Shield-Bearer (level 6, -6/39 HPs)
             Began as a Gargoyle Fighter on June 14, 2023.
             Mangled by Duvessa
             ... wielding a +0 short sword
              (8 damage)
             ... on level 5 of the Dungeon.
             The game lasted 00:03:50 (3457 turns).

Dittersdorf the Shield-Bearer (Gargoyle Fighter)    Turns: 3457, Time: 00:03:51

Health: -6/39      AC: 16    Str: 22    XL:     6   Next: 42%
Magic:  6/6        EV:  8    Int:  8    God:
Gold:   245        SH:  4    Dex:  9    Spells: 5/5 levels left

rFire   . . .        a - +0 flail
rCold   . . .        c - +0 buckler
rNeg    + . .        g - +0 chain mail
rPois   ∞            t - +0 helmet
rElec   +            (no cloak)
rCorr   .            e - +0 pair of gloves
SInv    .            (no boots)
Will    .....        (no amulet) Stlth
                     (no ring)
HPRegen 0.26/turn    (no ring)
MPRegen 0.10/turn

%: no passive effects
@: mighty
A: sickness immunity, AC +4, negative energy resistance 1, electricity
resistance, torment resistance 1, petrification resistance
a: no special abilities


You were on level 5 of the Dungeon.
You visited 1 branch of the dungeon, and saw 5 of its levels.

You collected 245 gold pieces.

Inventory:

Hand Weapons
 a - a +0 flail (weapon)
Armour
 c - a +0 buckler (worn)
 e - a +0 pair of gloves (worn)
 g - a +0 chain mail (worn)
 t - a +0 helmet (worn)
Wands
 q - a wand of flame (16)
 v - a wand of charming (8)
Scrolls
 b - a scroll of poison {unknown}
 f - a scroll of brand weapon {unknown}
 k - a scroll of teleportation {unknown}
 l - a scroll of enchant armour {unknown}
 n - a scroll of fog {unknown}
 s - a scroll of fear {unknown}
Potions
 h - a potion of heal wounds {unknown}
 i - a potion of degeneration {unknown}
 j - a potion of haste {unknown}
 m - 2 potions of attraction {unknown}
 o - a potion of brilliance
 p - a potion of curing
 r - a potion of mutation
 u - a potion of magic {unknown}


   Skills:
 + Level 4.7 Fighting
 + Level 3.6 Maces & Flails
 + Level 4.7 Armour
 + Level 4.7 Shields


You had 5 spell levels left.
You didn't know any spells.
Your spell library contained the following spells:

 Spells                   Type           Power      Damage    Failure   Level
 Static Discharge         Conj/Air       0%         2-2/arc   99%         2
 Airstrike                Air            0%         2d(0-16)  100%        4
 Summon Lightning Spire   Summ/Air       0%         N/A       100%        4


Dungeon Overview and Level Annotations

Branches:
Dungeon (4/15)
 Temple: D:4-7

Altars:

Annotations:
D:5 Dowan, Duvessa


Innate Abilities, Weirdness & Mutations

You are immune to sickness and miasma.
Your stone body is resilient. (AC +4)
You are immune to poison.
You resist negative energy. (rN+)
You are resistant to electric shocks. (rElec)
You are resistant to unholy torment.
You are immune to petrification.


Message History

Duvessa hits you but does no damage.
You sock Duvessa!
Duvessa is heavily wounded.
Duvessa hits you but does no damage.
You hit Duvessa but do no damage.
Duvessa is heavily wounded.
Duvessa hits you but does no damage.
You barely miss Duvessa.
Duvessa is heavily wounded.
You block Duvessa's attack. x2
You hit Duvessa but do no damage.
Duvessa is heavily wounded.
Duvessa hits you with a +0 short sword.
Dowan gestures at Duvessa while chanting.
Duvessa seems to speed up.
You barely miss Duvessa.
Duvessa is heavily wounded.
Duvessa hits you with a +0 short sword! Duvessa hits you but does no damage.
You barely miss Duvessa.
Duvessa is heavily wounded.
Duvessa hits you with a +0 short sword!
Dowan gestures wildly while chanting.
Dowan blinks!
You closely miss Duvessa.
Duvessa is heavily wounded.
Duvessa completely misses you. Duvessa hits you with a +0 short sword!
* * * LOW HITPOINT WARNING * * *
You closely miss Duvessa.
Duvessa is heavily wounded.
Duvessa hits you with a +0 short sword.
* * * LOW HITPOINT WARNING * * *
Duvessa hits you with a +0 short sword!
* * * LOW HITPOINT WARNING * * *
Dowan says, "Stay away from my face!"
Dowan hits you with a +0 dagger.
* * * LOW HITPOINT WARNING * * *
You thump Duvessa!
Duvessa is almost dead.
Duvessa barely misses you. Duvessa hits you with a +0 short sword!
You die...

###########
#.........#
#.#######.#
#.#.......#
#.##.######
#.##.######
#.##......# #
#..†#####.#.#####
#...'e@e.>.......
#...#####.#######
#...#####.#
#...#...#.#
#...#...#.#
#...#...#.#
####...#...#.#
#...........+.#
#.#######...#


You could see Duvessa (fast) and Dowan.

Vanquished Creatures
  A scorpion (D:5)
  A hound (D:4)
  2 orc priests
  Ijyb (D:2)
  An orc wizard (D:3)
  4 adders
  3 worms
  2 dart slugs
  5 orcs
  5 endoplasms
  3 giant cockroaches
  4 goblins
  4 hobgoblins
  3 jackals (D:4)
  4 quokkas
  5 ball pythons
  6 bats
  2 frilled lizards (D:3)
  5 kobolds
  2 rats
63 creatures vanquished.

Notes
Turn   | Place    | Note
-------+----------+-------------------------------------------
     0 | D:1      | Dittersdorf the Gargoyle Fighter began the quest for the
                  | Orb.
     0 | D:1      | Reached XP level 1. HP: 14/14 MP: 1/1
   289 | D:1      | Reached XP level 2. HP: 19/19 MP: 2/2
  1084 | D:2      | Identified the +3 leather armour of the World {Will+}
  1144 | D:2      | Reached XP level 3. HP: 23/24 MP: 3/3
  1499 | D:2      | Reached XP level 4. HP: 29/29 MP: 4/4
  1999 | D:3      | Noticed Ijyb
  2125 | D:2      | Killed Ijyb
  2901 | D:4      | Reached XP level 5. HP: 32/33 MP: 5/5
  3233 | D:3      | Reached XP level 6. HP: 23/39 MP: 6/6
  3351 | D:4      | You fall into a shaft and drop 1 floor!
  3351 | D:5      | Entered Level 5 of the Dungeon
  3436 | D:5      | Noticed Dowan
  3437 | D:5      | Noticed Duvessa
  3456 | D:5      | HP: 1/39 [Dowan/+0 dagger (1)]
  3457 | D:5      | Mangled by Duvessa

Illustrated notes

Levels and vault maps discovered:
D:1:      psy_arrival_radial01, layout_loops_corners
D:2:      layout_basic
D:3:      layout_loops_cross, uniq_ijyb
D:4:      layout_loops_ring, amethyst_overflow_temple_binary
D:5:      layout_basic, uniq_duvessa

Skill      XL: |  1  2  3  4 |
---------------+-------------+-----
Fighting       | 4 |  4.7
Armour         | 4 |  4.7
Shields        | 4 |  4.7
Maces & Flails | 3 |  3.6

Action                     |  1- 3 |  4- 6 || total
---------------------------+-------+-------++-------
  Melee: Flail             |    90 |   172 ||   262
    Use: Scroll            |       |     3 ||     3
         Potion            |       |     1 ||     1
 Armour: Scale mail        |    18 |       ||    18
         Chain mail        |    46 |   125 ||   171
  Dodge: Dodged            |    42 |    78 ||   120
  Block: Buckler           |    16 |    36 ||    52

Table legend: (Time is in decaauts)
 A = Elapsed time spent in this place.
 B = Non-inter-level travel time spent in this place.
 C = Inter-level travel time spent in this place.
 D = Time resting spent in this place.
 E = Time spent auto-exploring this place.
 F = Levels seen in this place.
 G = Mean time per level.
                   A        B        C        D        E       F      G
               +--------+--------+--------+--------+--------+-----+--------+
         Total |   3539 |   3376 |    163 |    309 |   2380 |   5 |  707.8 |
       Dungeon |   3539 |   3376 |    163 |    309 |   2380 |   5 |  707.8 |
               +--------+--------+--------+--------+--------+-----+--------+

Top non-repeatable levels by time:
     D:1: 1029 daAuts
     D:2: 1001 daAuts
     D:3: 950 daAuts
     D:4: 447 daAuts
     D:5: 110 daAuts
